cohdb
Replays
Latest Replays
All Replays
Popular Replays
Top Player Replays
Match Explorer
How It Works
Community
CoH3 Stats
Reddit
Sign in to upload your games and track your stats! →
Sign in with Steam
Match 40340820
Unlisted
Match 40340820
Overview
Messages
Build Orders
End
Construct Barracks
Selects Advanced Infantry Battlegroup
Riflemen Squad
M1 Mortar Team
Riflemen Squad
Riflemen Squad
Infantry Support Center
Selects Convert to Ranger Squad
Convert to Ranger Squad
Construct Medical Station
Selects Ammunition Storage
Convert to Ranger Squad
Advanced Logistics
Convert to Ranger Squad
Construct Weapon Support Center
Improved M9 Bazooka Rockets
Survival Training
Selects M2A1 105mm Howitzer Emplacement
Engineer Squad
Selects Free Fire Drills
Munitions Surplus
AI Takeover
jacklean
LOLwhat2
VleerPoezzz
SASU
Mikhail
CPU - VERY EASY
0
0
Comments
sign in to comment!
No comments posted yet!